 Dungeon Crawl Stone Soup version 0.31-a0-303-gdc8c9485ea (webtiles) character file.

Game seed: 2173347473311765522

35 Iniera the Trooper (level 3, 0/29 HPs)
             Began as a Demonspawn Monk on July 17, 2023.
             Killed from afar by Terence (7 damage)
             ... with a puff of flame
             ... on level 2 of the Dungeon.
             The game lasted 00:01:21 (905 turns).

Iniera the Trooper (Demonspawn Monk)                 Turns: 905, Time: 00:01:22

Health: 0/29       AC:  3    Str: 11 (13) XL:     3   Next: 17%
Magic:  3/3        EV: 13    Int: 10 (11) God:
Gold:   35         SH:  0    Dex: 14 (17) Spells: 2/2 levels left

rFire   . . .        a - +0 hand axe
rCold   . . .        (no shield)
rNeg    . . .        b - +0 robe
rPois   .            (no helmet)
rElec   .            (no cloak)
rCorr   .            l - +0 pair of gloves
SInv    .            (no boots)
Will    .....        (no amulet)
Stlth   ++           (no ring)
HPRegen 0.24/turn    (no ring)
MPRegen 0.08/turn

%: no passive effects
@: about to teleport, weak-willed
A: thin skeletal structure 1, demonic touch 1
a: no special abilities


You were on level 2 of the Dungeon.
You visited 1 branch of the dungeon, and saw 2 of its levels.

You collected 35 gold pieces.

Inventory:

Hand Weapons
 a - a +0 hand axe (weapon)
Armour
 b - a +0 robe (worn)
 d - an orb of light
 l - a +0 pair of gloves (worn)
Scrolls
 g - a scroll of identify
 j - a scroll of poison {unknown}
Potions
 c - 3 potions of ambrosia


   Skills:
 + Level 3.3 Fighting
 + Level 3.0 Axes
 + Level 0.6 Armour
 * Level 3.3 Dodging


You had 2 spell levels left.
You didn't know any spells.
Your spell library contained the following spells:

 Spells                   Type           Power      Damage    Failure   Level
 Ozocubu's Armour         Ice            0%         N/A       75%         3
 Metabolic Englaciation   Hex/Ice        0%         N/A       100%        5
 Simulacrum               Ice/Necr       0%         N/A       100%        6


Dungeon Overview and Level Annotations

Branches:
Dungeon (2/15)

Altars:

Annotations:
D:2 Terence


Innate Abilities, Weirdness & Mutations

You have a somewhat thin skeletal structure. (Dex +2, Stealth+)
Your touch may inflict minor irresistible damage on your foes.


Message History

Terence shouts!
Terence zaps a wand.
The puff of flame hits you!
Terence zaps a wand.
The puff of flame hits you!
You are too injured to fight recklessly!
You are too injured to fight recklessly!
You are too injured to fight recklessly!
You are too injured to fight recklessly!
You are too injured to fight recklessly!
You are too injured to fight recklessly!
You are too injured to fight recklessly!
You are too injured to fight recklessly!
Okay, then.
Okay, then.
You aren't carrying any items that you can evoke.
Unknown command.
You have nothing you can fire or use right now.
Unknown command.
It was a potion of degeneration.
There was something very wrong with that liquid.
You feel weakened.
You feel dopey.
You feel clumsy.
It was a potion of magic.
Magic courses through your body. Terence barely misses you.
It was a potion of cancellation.
You feel magically purged. Terence says, "Did you write a will?
You should..."
Terence hits you with a +0 short sword.
You aren't carrying any items that you can evoke.
Unknown command.
As you read the scroll labelled MAGREM OSSORGHY, it crumbles to dust.
It is a scroll of identify.
h - a scroll of teleportation Terence hits you with a +0 short sword.
* * * LOW HITPOINT WARNING * * *
As you read the scroll of teleportation, it crumbles to dust.
You feel strangely unstable.
Terence shouts, "DIE!!!"
Terence barely misses you.
As you read the scroll labelled FAEKHI VITRUO, it crumbles to dust.
Magic quickly surges around you.
It was a scroll of vulnerability.
Terence zaps a wand.
The puff of flame hits you!
You die...

##...#
##########...##
#...........##
#.[.......#.#
#...........#
#.$.......###
#........##
#........#
#...@....#
#..@....(#
#........#
#........#
##########


You could see Terence (weak-willed).

Vanquished Creatures
  An adder (D:1)
  A dart slug (D:1)
  4 bats
  4 endoplasms
  A giant cockroach (D:1)
  A goblin (D:1)
  3 hobgoblins
  3 kobolds (D:1)
  A quokka (D:1)
  A rat (D:1)
20 creatures vanquished.

Notes
Turn   | Place    | Note
-------+----------+-------------------------------------------
     0 | D:1      | Iniera the Demonspawn Monk began the quest for the Orb.
     0 | D:1      | Reached XP level 1. HP: 18/18 MP: 1/1
   135 | D:1      | Gained mutation: Your touch may inflict minor irresistible
                  | damage on your foes. [demonic ancestry]
   135 | D:1      | Reached XP level 2. HP: 19/24 MP: 2/2
   318 | D:1      | Found a faded altar of an unknown god.
   843 | D:2      | Gained mutation: You have a somewhat thin skeletal
                  | structure. (Dex +2, Stealth+) [demonic ancestry]
   843 | D:2      | Reached XP level 3. HP: 29/29 MP: 3/3
   895 | D:2      | Noticed Terence
   905 | D:2      | Killed from afar by Terence

Illustrated notes

Levels and vault maps discovered:
D:1:      roderic_crop_circles_arrival_small, layout_loops_ring,
          chequers_ecumenical_altar_simple, minmay_misc_feat_chi
D:2:      layout_rooms, grunt_ministairs_9, kennysheep_generic_room_6,
          uniq_terence

Skill      XL: |  1  2 |
---------------+-------+-----
Dodging        | 3 |  3.3
Axes           | 3 |  3.0
Fighting       | |  3.3
Armour         | |  0.6

Action                     || total
---------------------------++-------
  Melee: Hand axe          ||    67
         Touch             ||     7
    Use: Scroll            ||     3
         Potion            ||     3
   Stab: Distracted        ||     1
 Armour: Robe              ||    14
  Dodge: Dodged            ||    64

Table legend: (Time is in decaauts)
 A = Elapsed time spent in this place.
 B = Non-inter-level travel time spent in this place.
 C = Inter-level travel time spent in this place.
 D = Time resting spent in this place.
 E = Time spent auto-exploring this place.
 F = Levels seen in this place.
 G = Mean time per level.
                   A        B        C        D        E       F      G
               +--------+--------+--------+--------+--------+-----+--------+
         Total |    916 |    888 |     28 |     57 |    645 |   2 |  458.0 |
       Dungeon |    916 |    888 |     28 |     57 |    645 |   2 |  458.0 |
               +--------+--------+--------+--------+--------+-----+--------+

Top non-repeatable levels by time:
     D:1: 840 daAuts
     D:2: 75 daAuts
